 Dungeon Crawl Stone Soup version 0.25-a0-589-g1e14c549ee (webtiles) character file.

Game seed: 3674918160317267001, levelgen mode: deterministic

23495 kae the Covert (level 12, 0/64 HPs)
             Began as a Vampire Enchanter on Mar 11, 2020.
             Was an Elder of Dithmenos.
             Slain by a water moccasin (6 damage)
             ... on level 12 of the Dungeon.
             The game lasted 00:16:36 (13132 turns).

kae the Covert (Vampire Enchanter)                 Turns: 13132, Time: 00:16:37

Health: 0/64       AC:  7    Str:  9    XL:     12   Next: 72%
Magic:  24/24      EV: 19    Int: 21    God:    Dithmenos [****..]
Gold:   776        SH:  8    Dex: 14    Spells: 13/28 levels left

rFire    . . .     SeeInvis +   g - +4 dagger (venom)
rCold    + + .     Gourm    .   h - +0 buckler
rNeg     + + +     Faith    .   j - +0 leather armour
rPois    ∞         Spirit   .   t - +1 helmet
rElec    .         Reflect  +   d - scarf {repulsion}
rCorr    .         Harm     .   n - +0 pair of gloves
MR       +....                  A - +0 pair of boots
Stlth    ++++++++++             D - +3 amulet of reflection
HPRegen  0.00/turn              H - +4 ring of slaying
MPRegen  0.19/turn              G - +5 ring of evasion

@: bloodless, wreathed by umbra, repel missiles
A: no food, fangs 3, see invisible, unbreathing
a: Bat Form, Revivify, Shadow Step, Renounce Religion


You were on level 12 of the Dungeon.
You worshipped Dithmenos.
Dithmenos was greatly pleased with you.
You were bloodless.

You visited 2 branches of the dungeon, and saw 15 of its levels.

You collected 776 gold pieces.

Inventory:

Hand Weapons
 a - a +1 dagger
 g - a +4 dagger of venom (weapon)
Armour
 d - a scarf of repulsion (worn)
 h - a +0 buckler (worn)
 j - a +0 leather armour (worn)
 n - a +0 pair of gloves (worn)
 t - a +1 helmet (worn)
 A - a +0 pair of boots (worn)
 C - a +0 troll leather armour
Jewellery
 i - an uncursed amulet of harm
 m - a +4 ring of strength
 u - a +2 ring of evasion
 D - a +3 amulet of reflection (around neck)
 F - an uncursed ring of ice
 G - a +5 ring of evasion (right hand)
 H - a +4 ring of slaying (left hand)
 K - a +3 ring of intelligence {unknown}
 R - a cursed ring of attention {unknown}
Wands
 k - a wand of polymorph (5)
 x - a wand of paralysis (9)
 I - a wand of digging (12)
 L - a wand of acid (12)
 N - a wand of enslavement (8)
Scrolls
 b - 4 scrolls of amnesia
 c - 15 scrolls of remove curse
 p - 7 scrolls of teleportation
 r - 5 scrolls of fog
 B - 2 scrolls of brand weapon {unknown}
 E - 2 scrolls of magic mapping
 M - 3 scrolls of identify
 O - a scroll of enchant armour {unknown}
 P - a scroll of holy word {unknown}
 Q - a scroll of immolation {unknown}
Potions
 e - 3 potions of invisibility
 f - 4 potions of flight
 l - a potion of cancellation
 o - a potion of heal wounds
 q - 5 potions of curing
 s - a potion of brilliance {unknown}
 v - a potion of haste
 w - a potion of mutation {unknown}
 z - a potion of might
 J - 2 potions of resistance {unknown}


   Skills:
 + Level 3.5 Fighting
 * Level 13.7 Short Blades
 + Level 5.0 Dodging
 + Level 14.1 Stealth
 - Level 4.0 Shields
 + Level 8.6 Spellcasting
 + Level 13.2 Hexes


You had 13 spell levels left.
You knew the following spells:

 Your Spells              Type           Power        Failure   Level  Hunger
a - Corona                Hex            ######.      1%          1    N/A
b - Ensorcelled Hibernat  Hex/Ice        #####.       1%          2    N/A
c - Confusing Touch       Hex            ######..     1%          3    N/A
d - Tukima's Dance        Hex            ######..     1%          3    N/A
e - Dazzling Flash        Conj/Hex       #####.       1%          3    N/A
f - Summon Guardian Gole  Hex/Summ       #####...     1%          3    N/A

Your spell library contained the following spells:

 Spells                   Type           Power        Failure   Level  Hunger
 Animate Skeleton         Necr           N/A          11%         1    N/A
 Apportation              Tloc           #.....       11%         1    N/A
 Pain                     Necr           #...         11%         1    N/A
 Summon Small Mammal      Summ           #...         11%         1    N/A
 Call Imp                 Summ           #.......     16%         2    N/A
 Call Canine Familiar     Summ           #.......     32%         3    N/A
 Vampiric Draining        Necr           #.........   32%         3    N/A
 Animate Dead             Necr           N/A          71%         4    N/A
 Summon Ice Beast         Ice/Summ       #.......     71%         4    N/A
 Summon Lightning Spire   Summ/Air       #.......     71%         4    N/A
 Agony                    Necr           #.......     96%         5    N/A

Dungeon Overview and Level Annotations

Branches:
Dungeon (14/15)            Temple (1/1) D:6            Lair (0/6) D:8
    Orc (0/2) D:11         Vaults (0/5) D:14

Altars:
Ashenzari
Cheibriados
Dithmenos
Elyvilon
Fedhas
Gozag
Hepliaklqana
Kikubaaqudgha
Makhleb
Nemelex Xobeh
Okawaru
Qazlal
Ru
Sif Muna
Trog
Uskayaw
Vehumet
Wu Jian
Xom
Yredelemnul
Zin
The Shining One

Shops:
D:9 (


Innate Abilities, Weirdness & Mutations

You do not eat.
You do not regenerate when monsters are visible.
You are frail without blood (-20% HP).
You can heal yourself when you bite living creatures.
You are immune to poison.
You have razor-sharp teeth.
You have supernaturally acute eyesight. (SInv)
You can survive without breathing.


Message History

You barely miss the water moccasin.
The water moccasin is heavily wounded.
You block the wolf spider zombie's attack.
The wolf spider zombie bites you.
You hit the water moccasin.
The water moccasin is heavily wounded.
The water moccasin bites you!
You hit the water moccasin.
The water moccasin is poisoned.
The water moccasin is severely wounded.
The wolf spider zombie barely misses you.
The wolf spider zombie bites you but does no damage.
The water moccasin bites you.
* * * LOW HITPOINT WARNING * * *
You barely miss the water moccasin.
The water moccasin is almost dead.
The wolf spider zombie barely misses you.
The wolf spider zombie bites you!
* * * LOW HITPOINT WARNING * * *
The water moccasin bites you.
You die...

#.....<.#
#........
#........
#........
#........
#........
##Z.......
#.@S# #...#
#...# ##..# .
#..# ..
#..#######...
#............
##............
#.............


You could see a water moccasin and a wolf spider zombie.

Vanquished Creatures
  A vampire knight (D:14)
  A vault guard (D:14)
  A death knight (D:13)
  2 centaur warriors (D:14)
  7 two-headed ogres
  A skeletal warrior (D:9)
  Pikel (D:5)
  3 ugly things (D:14)
  A cyclops (D:8)
  A centaur skeleton (D:14)
  A freezing wraith (D:14)
  A kobold demonologist (D:13)
  2 trolls
  A raiju (shapeshifter) (D:13)
  5 hippogriffs
  2 vampires
  A human (D:9)
  21 yaks
  2 hungry ghosts
  Menkaure (D:4)
  A warg (D:11)
  4 slaves (D:5)
  8 orc warriors
  2 black bears
  4 ice beasts
  A hornet zombie (D:7)
  A phantom (D:7)
  5 sky beasts
  A necrophage (D:9)
  A crocodile (D:9)
  9 ogres
  8 centaurs
  8 bullfrogs
  A gnoll sergeant (D:8)
  9 scorpions
  A killer bee (D:9)
  4 electric eels
  5 wights (D:11)
  4 crimson imps
  4 howler monkeys
  A quasit (D:9)
  12 hounds
  3 jellies
  3 orc priests
  A bullfrog skeleton (D:8)
  Natasha (thrice) (D:3)
  5 iguanas
  6 orc wizards
  9 worker ants
  Terence (D:3)
  4 worker ant zombies
  Robin (D:2)
  7 gnolls
  12 adders
  3 shadow imps
  2 adder skeletons
  2 adder zombies
  5 dart slugs
  3 worms
  6 leopard geckos
  32 orcs
  9 giant cockroaches
  16 goblins
  9 hobgoblins
  22 jackals
  5 quokkas
  3 ball pythons
  10 bats
  A frilled lizard (D:2)
  A jackal skeleton (D:4)
  3 kobolds
  2 quokka skeletons
  7 rats
346 creatures vanquished.

Vanquished Creatures (others)
  A howler monkey (D:7)
  An adder zombie (D:6)
2 creatures vanquished.

Grand Total: 348 creatures vanquished

Notes
Turn   | Place    | Note
-------+----------+-------------------------------------------
     0 | D:1      | kae the Vampire Enchanter began the quest for the Orb.
     0 | D:1      | Reached XP level 1. HP: 13/13 MP: 3/3
   379 | D:1      | Reached XP level 2. HP: 12/19 MP: 5/5
   750 | D:1      | Reached XP level 3. HP: 24/24 MP: 6/6
   850 | D:1      | Learned a level 2 spell: Ensorcelled Hibernation
   854 | D:1      | Learned a level 3 spell: Confusing Touch
  1026 | D:2      | Found an opulent altar of Gozag.
  1092 | D:2      | Reached skill level 5 in Stealth
  1156 | D:2      | Reached skill level 1 in Shields
  1230 | D:2      | Reached skill level 5 in Hexes
  1266 | D:2      | Found a hide-covered altar of Uskayaw.
  1282 | D:2      | Reached XP level 4. HP: 30/30 MP: 7/7
  1766 | D:3      | Found a shattered altar of Ashenzari.
  1980 | D:3      | Noticed Terence
  1994 | D:3      | Killed Terence
  2029 | D:3      | Noticed Robin
  2099 | D:2      | Reached XP level 5. HP: 25/35 MP: 2/8
  2158 | D:2      | Killed Robin
  2303 | D:3      | Noticed Natasha
  2312 | D:3      | Killed Natasha
  2526 | D:3      | Noticed Natasha
  2533 | D:3      | Killed Natasha
  2764 | D:3      | Noticed Natasha
  2769 | D:3      | Killed Natasha
  2829 | D:3      | Found a hazy altar of Hepliaklqana.
  2893 | D:4      | Reached XP level 6. HP: 41/41 MP: 10/10
  2955 | D:4      | Noticed Menkaure
  2974 | D:4      | Reached skill level 6 in Stealth
  3317 | D:4      | Killed Menkaure
  3317 | D:4      | Reached XP level 7. HP: 25/46 MP: 8/12
  3397 | D:4      | Reached skill level 5 in Short Blades
  3577 | D:4      | Found an opulent altar of Gozag.
  3756 | D:5      | Entered Level 5 of the Dungeon
  3789 | D:5      | Noticed Pikel
  3790 | D:5      | Reached skill level 7 in Stealth
  3944 | D:5      | Killed Pikel
  3944 | D:5      | Reached XP level 8. HP: 52/52 MP: 10/14
  4203 | D:5      | Reached skill level 8 in Stealth
  5184 | D:6      | Found an iron altar of Okawaru.
  5190 | D:6      | Reached XP level 9. HP: 47/57 MP: 14/16
  5271 | D:6      | Reached skill level 9 in Stealth
  5543 | D:6      | Found a staircase to the Ecumenical Temple.
  5691 | D:6      | Reached skill level 5 in Spellcasting
  5697 | Temple   | Entered the Ecumenical Temple
  5895 | Temple   | Became a worshipper of Dithmenos the Shadowed
  6572 | D:7      | You fall into a shaft and drop 2 floors!
  6820 | D:8      | Reached skill level 10 in Stealth
  7061 | D:8      | Noticed a troll
  7077 | D:8      | Killed a troll
  7077 | D:8      | Reached XP level 10. HP: 63/63 MP: 8/18
  7081 | D:8      | Noticed a cyclops
  7094 | D:8      | Killed a cyclops
  7094 | D:8      | Reached skill level 10 in Hexes
  7135 | D:8      | Reached skill level 10 in Short Blades
  7200 | D:8      | Reached * piety under Dithmenos
  7449 | D:8      | Found a staircase to the Lair.
  7482 | D:8      | Reached skill level 11 in Stealth
  7938 | D:8      | Found a burning altar of Makhleb.
  8102 | D:8      | Noticed a two-headed ogre
  8108 | D:8      | Killed a two-headed ogre
  8765 | D:9      | Found a shimmering blue altar of Sif Muna.
  8765 | D:9      | Found an ancient bone altar of Kikubaaqudgha.
  8840 | D:9      | Found Kunoacok's Weapon Shop.
  8893 | D:9      | Found a runed translucent door.
  9013 | D:9      | Found a runed translucent door.
  9490 | D:9      | Noticed a two-headed ogre
  9498 | D:9      | Killed a two-headed ogre
  9498 | D:9      | Reached XP level 11. HP: 54/54 MP: 21/21
  9516 | D:9      | Reached skill level 12 in Stealth
  9637 | D:9      | Noticed a skeletal warrior
  9641 | D:9      | Killed a skeletal warrior
  9644 | D:9      | Reached ** piety under Dithmenos
  9856 | D:10     | Entered Level 10 of the Dungeon
 10539 | D:10     | Noticed a two-headed ogre
 10559 | D:10     | Killed a two-headed ogre
 11182 | D:10     | Noticed a two-headed ogre
 11189 | D:10     | Killed a two-headed ogre
 11339 | D:10     | Reached *** piety under Dithmenos
 11339 | D:10     | Reached skill level 13 in Stealth
 11526 | D:11     | Reached skill level 1 in Fighting
 11554 | D:11     | Noticed a two-headed ogre
 11559 | D:11     | Killed a two-headed ogre
 11708 | D:11     | Found a staircase to the Orcish Mines.
 11881 | D:11     | You fall into a shaft and drop 3 floors!
 11925 | D:14     | Reached XP level 12. HP: 53/61 MP: 21/24
 11932 | D:14     | Learned a level 3 spell: Tukima's Dance
 11936 | D:14     | Learned a level 3 spell: Dazzling Flash
 11940 | D:14     | Learned a level 3 spell: Summon Guardian Golem
 12015 | D:14     | Noticed a two-headed ogre
 12022 | D:14     | Killed a two-headed ogre
 12143 | D:14     | Noticed a centaur warrior
 12145 | D:14     | Killed a centaur warrior
 12214 | D:14     | Reached **** piety under Dithmenos
 12221 | D:14     | Noticed a centaur warrior
 12224 | D:14     | Killed a centaur warrior
 12241 | D:14     | Noticed a vampire knight
 12247 | D:14     | Paralysed by a vampire knight for 2 turns
 12256 | D:14     | Killed a vampire knight
 12429 | D:14     | Found a gate to the Vaults.
 12429 | D:14     | Noticed a vault guard
 12436 | D:14     | Killed a vault guard
 12516 | D:14     | Reached skill level 14 in Stealth
 12719 | D:13     | Noticed a two-headed ogre
 12724 | D:13     | Killed a two-headed ogre
 12853 | D:13     | Noticed a death knight
 12876 | D:13     | Killed a death knight
 12876 | D:13     | Reached skill level 5 in Dodging
 13132 | D:12     | Slain by a water moccasin

Levels and vault maps discovered:
D:1:      sevenhm_arrival_forest_fort_small_5, layout_loops_ring,
          minmay_misc_feat_x, ebering_dispersal_statue_hall, minivault_5,
          minmay_worlds_worst_comb
D:2:      layout_basic, eat_drink_and_be_merry_uskayaw,
          nicolae_gozag_seed_capital
D:3:      layout_loops_cross, lemuel_coloured_pillars_altar, first_ration,
          nicolae_ashenzari_panopticon, uniq_robin, uniq_terence, uniq_natasha
D:4:      minmay_general_purpose_star, layout_basic, kennysheep_mini,
          uniq_menkaure
D:5:      layout_basic, uniq_pikel
D:6:      layout_basic, overflow_temple_1_default, temple_hall,
          serial_bayou_lake_a
D:7:      layout_rooms
D:8:      layout_basic, lightli_temple_of_fire, erik_lair_island
D:9:      cheibrodos_histonic, layout_basic,
          chequers_temple_overflow_statue_of_worship, serial_shops,
          nicolae_shop_trees, grunt_pizzeria
D:10:     layout_loops_corners
D:11:     layout_loops_ring, david_orc_1_choice,
          hangedman_abyss_or_decor_passed, roderic_lattice_a, st_stairs_14
D:12:     minmay_polygon_palace, layout_irregular_city, xom_redecorated,
          uniq_rupert, uniq_kirke, uniq_jorgrun, uniq_maurice
D:13:     layout_long_grid, minmay_misc_feat_plants, uniq_urug
D:14:     layout_roguey, david_vaults_5, kennysheep_just_a_vault
Temple:   regret_index_temple_generic_petals

Skill      XL: |  1  2  3  4  5  6  7  8  9 10 11 12 |
---------------+-------------------------------------+-----
Short Blades   | 2 3 4 6 7 9 11 12 13 | 13.7
Stealth        | 5 6 7 8 10 11 13 14 | 14.1
Shields        | 1 2 3 4 |  4.0
Hexes          | 5 6 7 8 9 11 12 13 | 13.2
Spellcasting   | 3 4 5 6 8 |  8.6
Fighting       | 1 3 |  3.5
Dodging        | 3 5 |  5.0

Action                   |  1- 3 |  4- 6 |  7- 9 | 10-12 || total
-------------------------+-------+-------+-------+-------++-------
Melee: Dagger            |   166 |   233 |   276 |   592 ||  1267
       Bite              |     6 |    20 |    27 |    63 ||   116
 Cast: Corona            |     3 |     1 |       |       ||     4
       Ensorcelled Hiber |     3 |    19 |    60 |    53 ||   135
       Confusing Touch   |       |     1 |     5 |     7 ||    13
 Abil: Exsanguinate      |       |       |       |     1 ||     1
  Use: Scroll            |     1 |     8 |     4 |     9 ||    22
       Potion            |     1 |       |     4 |       ||     5
 Stab: Sleeping          |    15 |    19 |    49 |    81 ||   164
       Confused          |       |     2 |     7 |     8 ||    17
       Distracted        |       |       |     1 |       ||     1
Armor: Leather armour    |    44 |    59 |    62 |    41 ||   206
       Skin              |    16 |       |       |       ||    16
Dodge: Dodged            |    78 |   122 |   136 |   207 ||   543
       Deflected         |       |     2 |     8 |     5 ||    15
Block: Buckler           |    28 |    40 |    48 |    87 ||   203

Table legend:
 A = Non-vault XP
 B = Vault XP
 C = Vault XP percentage of total XP
 D = Non-vault monster count
 E = Vault monster count
 F = Vault count percentage of total count
                 A         B        C        D         E       F
            +---------+---------+-------+---------+---------+-------
      Total |   26353 |    7212 |  21.5 |     285 |      58 |  16.9
            +---------+---------+-------+---------+---------+-------
        D:1 |      35 |       8 |  18.6 |      21 |       4 |  16.0
        D:2 |      72 |      17 |  19.1 |      26 |       2 |   7.1
        D:3 |     152 |      86 |  36.1 |      24 |      12 |  33.3
        D:4 |     412 |     242 |  37.0 |      16 |       4 |  20.0
        D:5 |     932 |     617 |  39.8 |      26 |       1 |   3.7
        D:6 |     900 |       0 |   0.0 |      22 |       0 |   0.0
        D:7 |    1048 |       0 |   0.0 |      16 |       0 |   0.0
        D:8 |    3507 |     560 |  13.8 |      32 |       7 |  17.9
        D:9 |    1599 |    2771 |  63.4 |      19 |      16 |  45.7
       D:10 |    5803 |       0 |   0.0 |      33 |       0 |   0.0
       D:11 |    2278 |     609 |  21.1 |      16 |      10 |  38.5
       D:13 |    2818 |       0 |   0.0 |      13 |       0 |   0.0
       D:14 |    6797 |    2302 |  25.3 |      21 |       2 |   8.7
            +---------+---------+-------+---------+---------+-------
